 Dungeon Crawl Stone Soup version 0.21-a0-630-g344d351 (webtiles) character file.

1670 tidbits the Caller (level 9, -7/65 HPs)
             Began as a Gnoll Summoner on Dec 26, 2017.
             Was an Initiate of Cheibriados.
             Mangled by a two-headed ogre
             ... wielding a +0 giant spiked club
              (11 damage)
             ... on level 8 of the Dungeon.
             The game lasted 00:20:22 (1983 turns).

tidbits the Caller (Gnoll Summoner)                 Turns: 1983, Time: 00:20:23

Health: -7/65      AC:  6    Str: 15    XL:     9   Next: 1%
Magic:  14/18      EV: 15    Int: 26    God:    Cheibriados [......]
Gold:   257        SH:  5    Dex: 14    Spells: 10/20 levels left

rFire    . . .     SeeInvis .   b - staff of summoning
rCold    + + .     Gourm    .   D - +0 buckler
rNeg     . . .     Faith    .   B - +2 robe {rC+}
rPois    .         Spirit   .   E - +0 helmet
rElec    .         Reflect  .   (no cloak)
rCorr    .         Harm     .   G - +0 pair of gloves
MR       .....                  (no boots)
Stlth    +++.......             (no amulet)
HPRegen  0.20/turn              m - ring of protection from cold
MPRegen  0.16/turn              (no ring)

@: brilliant, very slow
A: distributed training, fangs 1, clumsy 1, strong 1, strong nose
a: Bend Time, Renounce Religion


You were on level 8 of the Dungeon.
You worshipped Cheibriados.
Cheibriados was noncommittal.
You were hungry.

You visited 2 branches of the dungeon, and saw 9 of its levels.

You collected 257 gold pieces.

Inventory:

Hand Weapons
 a - a +3 dagger of venom
   (You found it on level 1 of the Dungeon)
 j - a +0 hunting sling
 o - a +2 mace of protection
   (You took it off an orc on level 2 of the Dungeon)
 u - a +2 dire flail of crushing
   (You took it off Edmund on level 4 of the Dungeon)
 w - a +1 whip of electrocution
   (You took it off Pikel on level 5 of the Dungeon)
Missiles
 d - 62 stones (quivered)
 p - 49 arrows
 q - 24 poisoned needles
 x - 2 throwing nets {!f}
 F - 4 curare-tipped needles
Armour
 e - a +0 robe
 B - a +2 robe of cold resistance (worn)
   (You took it off an orc wizard on level 3 of the Dungeon)
 D - a +0 buckler (worn)
 E - a +0 helmet (worn)
 G - a +0 pair of gloves (worn)
Magical Staves
 b - an uncursed staff of summoning (weapon)
   (You found it on level 6 of the Dungeon)
Jewellery
 m - a ring of protection from cold (left hand)
   (You took it off an orc on level 3 of the Dungeon)
 v - an uncursed ring of fire
   (You found it on level 5 of the Dungeon)
Scrolls
 f - a scroll of remove curse {unknown}
 h - 3 scrolls of teleportation
 i - 2 scrolls of magic mapping {unknown}
 k - a scroll of enchant armour {unknown}
 l - 2 scrolls of amnesia
 n - 2 scrolls of blinking
 r - a scroll of immolation
 t - 2 scrolls of fear
Potions
 g - 2 potions of ambrosia {unknown}
 s - a potion of haste {unknown}
 z - 2 potions of heal wounds {unknown}
 C - 2 potions of brilliance
Books
 y - a book of Callings

   Spells                             Type                      Level
   a - Summon Small Mammal            Summoning                    1
   b - Call Imp                       Summoning                    2
   c - Call Canine Familiar           Summoning                    3
   d - Summon Guardian Golem          Hexes/Summoning              3
   e - Summon Lightning Spire         Summoning/Air                4
   f - Summon Ice Beast               Ice/Summoning                4
Comestibles
 c - 13 rations


   Skills:
 + Level 3.7 Fighting
 + Level 3.7 Short Blades
 + Level 3.7 Long Blades
 + Level 3.7 Axes
 + Level 3.7 Maces & Flails
 + Level 3.7 Polearms
 + Level 3.7 Staves
 + Level 3.7 Slings
 + Level 3.7 Bows
 + Level 3.7 Crossbows
 + Level 3.7 Throwing
 + Level 3.7 Armour
 + Level 6.0 Dodging
 + Level 5.6 Stealth
 + Level 3.7 Shields
 + Level 3.7 Unarmed Combat
 + Level 6.3 Spellcasting
 + Level 3.0 Conjurations
 + Level 3.0 Hexes
 + Level 3.0 Charms
 + Level 7.8 Summonings
 + Level 3.0 Necromancy
 + Level 3.0 Translocations
 + Level 3.0 Transmutations
 + Level 3.0 Fire Magic
 + Level 3.0 Ice Magic
 + Level 3.0 Air Magic
 + Level 3.0 Earth Magic
 + Level 3.0 Poison Magic
 + Level 4.1 Invocations
 + Level 3.7 Evocations


You had 10 spell levels left.
You knew the following spells:

 Your Spells              Type           Power        Failure   Level  Hunger
a - Summon Small Mammal   Summ           ####         1%          1    None
c - Call Canine Familiar  Summ           #######.     1%          3    None
i - Call Imp              Summ           #######.     1%          2    None
L - Summon Lightning Spi  Summ/Air       ######..     1%          4    ###....


Dungeon Overview and Level Annotations

Branches:
Dungeon (8/15)             Temple (1/1) D:6
   Lair: D:8-11

Altars:
Ashenzari
Cheibriados
Dithmenos
Hepliaklqana
Kikubaaqudgha
Nemelex Xobeh
Qazlal
Ru
Uskayaw
Wu Jian
Xom
Yredelemnul
The Shining One


Innate Abilities, Weirdness & Mutations

Your experience applies equally to all skills.
You have very sharp teeth.
Your uncanny sense of smell can sniff out nearby items.
You are clumsy. (Dex -2)
Your muscles are strong. (Str +2)


Message History

Cheibriados appreciates the change of pace.
You feel your dexterity returning.
Your Conjurations skill increases to level 3!
Your Hexes skill increases to level 3!
Your Charms skill increases to level 3!
Your Necromancy skill increases to level 3!
Your Translocations skill increases to level 3!
Your Transmutations skill increases to level 3!
Your Fire Magic skill increases to level 3!
Your Ice Magic skill increases to level 3!
Your Air Magic skill increases to level 3!
Your Earth Magic skill increases to level 3!
Your Poison Magic skill increases to level 3!
Your Invocations skill increases to level 4!
You see here a silvery potion.
g - 2 silvery potions (gained 1)
You see here a scroll of identify.
As you read the scroll of identify, it crumbles to dust.
A - a potion of degeneration Drop what? 33/52 slots (_ for help) (? for menu, Esc to quit)
You drop a potion of degeneration.
Unknown command.
Magic restored.
There is an open door, spattered with blood here.
You see here a scale mail.
There is a stone staircase leading down here.
You climb downwards.
There is a stone staircase leading up here.
There is a stone staircase leading down here.
Things that are here:
a robe; a dagger You climb downwards.
There is a stone staircase leading up here.
The orc warrior hits you with a glaive!
* * * LOW HITPOINT WARNING * * *
You climb upwards.
There is a stone staircase leading down here.
Things that are here:
a robe; a dagger You aren't carrying any items that you can evoke.
Unknown command.
Okay, then.
Unknown command.
Casting: Summon Lightning Spire
Confirm with . or Enter, or press ? or * to list all spells.
Aiming: Summon Lightning Spire
Press: ? - help, Dir - move target cursor An electric hum fills the air.
You are feeling hungry.
The orc warrior closely misses you.
You aren't carrying any items that you can evoke.
Unknown command.
Unknown command.
You hit the orc warrior but do no damage.
The orc warrior is poisoned.
You hit the orc warrior.
The orc warrior looks as sick as possible!
You bite the orc warrior, but do no damage.
The orc warrior is lightly wounded.
The orc warrior misses you.
You hit the orc warrior but do no damage.
The orc warrior looks as sick as possible!
The orc warrior is moderately wounded.
Your lightning spire shoots out a bolt of lightning at the orc warrior!
The bolt of electricity hits the orc warrior. x2
The bolt of electricity hits your lightning spire.
Your lightning spire completely resists.
The orc warrior hits your lightning spire with a glaive!
You hit the orc warrior but do no damage.
The orc warrior looks as sick as possible!
The orc warrior is almost dead.
You hit the orc warrior.
You kill the orc warrior!
Cheibriados appreciates the change of pace.
Your Dodging skill increases to level 6!
You have reached level 9!
Your experience leads to an increase in your attributes!
Your base attributes are Str 12, Int 19, Dex 15.
Increase (S)trength, (I)ntelligence, or (D)exterity?
You feel clever.
Items here: )) [[ a glaive; a chain mail x2; a club Your +3 dagger of venom stops dripping with poison.
b - an uncursed staff of summoning (weapon)
You can't go down here!
There is a stone staircase leading down here.
Things that are here:
a robe; a dagger You climb downwards.
The orc wizard barely misses you.
The two-headed ogre completely misses you.
The two-headed ogre hits you with a giant club!
* * * LOW HITPOINT WARNING * * *
The orc priest calls down the wrath of Beogh upon you.
Beogh smites you!
* * * LOW HITPOINT WARNING * * *
The orc wizard closely misses you.
There is a stone staircase leading up, spattered with blood here.
It was a potion of brilliance.
You feel clever all of a sudden.
The two-headed ogre hits you with a giant spiked club!
You die...

... #?...
.. #.#.. .
#.#o# .#
#.#(# O#
#.#o#..#
#.#.#.###.#
#o#.......#
#@O.o.$...#
#####.#####
.# #


You could see a two-headed ogre, an orc priest and an orc wizard.

Vanquished Creatures
  Pikel (D:5)
  Prince Ribbit (D:5)
  Eustachio (D:6)
  Duvessa (D:5)
  An orc warrior (D:7)
  A centaur (D:5)
  An ogre (D:6)
  2 bullfrogs
  2 scorpions
  An orc priest (D:7)
  An orc wizard (D:7)
  A hound (D:5)
  An iron imp (D:6)
  Natasha (D:3)
  2 worker ants
  3 adders
  A shadow imp (D:7)
  An ooze (D:3)
  A dart slug (D:1)
  A leopard gecko (D:2)
  4 orcs
  A giant cockroach (D:4)
  6 goblins
  4 hobgoblins
  A jackal (D:3)
  3 quokkas
  4 bats
  A frilled lizard (D:4)
  A goblin zombie (D:6)
  A jackal zombie (D:5)
  A leopard gecko skeleton (D:3)
  An orc skeleton (D:6)
  An orc zombie (D:6)
  5 rats
59 creatures vanquished.

Vanquished Creatures (collateral kills)
  Edmund (D:4)
  2 slaves (D:5)
  An ogre (D:6)
  A centaur (D:5)
  Dowan (D:5)
  A centaur zombie (D:6)
  A jelly (D:5)
  4 orc wizards
  Natasha (D:3)
  A worker ant (D:6)
  Robin (D:3)
  7 gnolls (D:5)
  An adder (D:4)
  An ooze (D:4)
  A worm (D:5)
  A leopard gecko (D:2)
  5 orcs
  A bat (D:1)
  A giant cockroach (D:5)
  5 goblins (D:3)
  A hobgoblin (D:3)
  3 jackals
  A goblin skeleton (D:6)
  2 goblin zombies (D:6)
  3 hobgoblin zombies (D:6)
  2 kobolds
  2 kobold zombies (D:6)
  A rat (D:1)
53 creatures vanquished.

Grand Total: 112 creatures vanquished

Notes
Turn   | Place    | Note
-------+----------+-------------------------------------------
     0 | D:1      | tidbits the Gnoll Summoner began the quest for the Orb.
     0 | D:1      | Reached XP level 1. HP: 13/13 MP: 6/6
   172 | D:1      | Reached XP level 2. HP: 18/19 MP: 5/7
   176 | D:1      | Learned a level 2 spell: Call Imp
   236 | D:2      | Found a faded altar of an unknown god.
   400 | D:3      | Reached XP level 3. HP: 14/25 MP: 1/9
   405 | D:3      | Reached skill level 5 in Spellcasting
   410 | D:3      | Learned a level 3 spell: Call Canine Familiar
   443 | D:3      | Noticed Robin
   468 | D:3      | Gained mutation: You are clumsy. (Dex -2) [potion of mutation]
   468 | D:3      | Gained mutation: Your muscles are strong. (Str +2) [potion of mutation]
   478 | D:3      | Killed Robin
   481 | D:3      | Reached skill level 1 in Invocations
   553 | D:3      | Reached skill level 1 in Fighting
   553 | D:3      | Reached skill level 1 in Short Blades
   553 | D:3      | Reached skill level 1 in Long Blades
   553 | D:3      | Reached skill level 1 in Axes
   553 | D:3      | Reached skill level 1 in Maces & Flails
   553 | D:3      | Reached skill level 1 in Polearms
   553 | D:3      | Reached skill level 1 in Staves
   553 | D:3      | Reached skill level 1 in Slings
   553 | D:3      | Reached skill level 1 in Bows
   553 | D:3      | Reached skill level 1 in Crossbows
   553 | D:3      | Reached skill level 1 in Throwing
   553 | D:3      | Reached skill level 1 in Armour
   553 | D:3      | Reached skill level 1 in Shields
   553 | D:3      | Reached skill level 1 in Unarmed Combat
   553 | D:3      | Reached skill level 1 in Evocations
   563 | D:3      | Reached XP level 4. HP: 20/32 MP: 7/11
   569 | D:3      | Learned a level 4 spell: Summon Lightning Spire
   588 | D:3      | Noticed Natasha
   620 | D:3      | Killed Natasha
   620 | D:3      | Reached skill level 1 in Conjurations
   620 | D:3      | Reached skill level 1 in Hexes
   620 | D:3      | Reached skill level 1 in Charms
   620 | D:3      | Reached skill level 1 in Necromancy
   620 | D:3      | Reached skill level 1 in Translocations
   620 | D:3      | Reached skill level 1 in Transmutations
   620 | D:3      | Reached skill level 1 in Fire Magic
   620 | D:3      | Reached skill level 1 in Ice Magic
   620 | D:3      | Reached skill level 1 in Air Magic
   620 | D:3      | Reached skill level 1 in Earth Magic
   620 | D:3      | Reached skill level 1 in Poison Magic
   745 | D:3      | Noticed Natasha
   747 | D:3      | Reached XP level 5. HP: 35/37 MP: 12/12
   755 | D:3      | Killed Natasha
   998 | D:4      | Noticed Edmund
  1008 | D:4      | Killed Edmund
  1008 | D:4      | Reached skill level 2 in Invocations
  1008 | D:4      | Reached XP level 6. HP: 21/44 MP: 10/13
  1061 | D:4      | Reached skill level 5 in Dodging
  1062 | D:4      | Reached skill level 2 in Fighting
  1062 | D:4      | Reached skill level 2 in Short Blades
  1062 | D:4      | Reached skill level 2 in Long Blades
  1062 | D:4      | Reached skill level 2 in Axes
  1062 | D:4      | Reached skill level 2 in Maces & Flails
  1062 | D:4      | Reached skill level 2 in Polearms
  1062 | D:4      | Reached skill level 2 in Staves
  1062 | D:4      | Reached skill level 2 in Slings
  1062 | D:4      | Reached skill level 2 in Bows
  1062 | D:4      | Reached skill level 2 in Crossbows
  1062 | D:4      | Reached skill level 2 in Throwing
  1062 | D:4      | Reached skill level 2 in Armour
  1062 | D:4      | Reached skill level 2 in Shields
  1062 | D:4      | Reached skill level 2 in Unarmed Combat
  1062 | D:4      | Reached skill level 2 in Evocations
  1089 | D:5      | Entered Level 5 of the Dungeon
  1089 | D:5      | Noticed Prince Ribbit
  1094 | D:5      | Noticed a slave
  1094 | D:5      | Killed Prince Ribbit
  1094 | D:5      | Reached XP level 7. HP: 26/50 MP: 7/15
  1110 | D:5      | Noticed Pikel
  1120 | D:5      | Killed Pikel
  1120 | D:5      | Reached skill level 5 in Stealth
  1120 | D:5      | Reached skill level 2 in Conjurations
  1120 | D:5      | Reached skill level 2 in Hexes
  1120 | D:5      | Reached skill level 2 in Charms
  1120 | D:5      | Reached skill level 2 in Necromancy
  1120 | D:5      | Reached skill level 2 in Translocations
  1120 | D:5      | Reached skill level 2 in Transmutations
  1120 | D:5      | Reached skill level 2 in Fire Magic
  1120 | D:5      | Reached skill level 2 in Ice Magic
  1120 | D:5      | Reached skill level 2 in Air Magic
  1120 | D:5      | Reached skill level 2 in Earth Magic
  1120 | D:5      | Reached skill level 2 in Poison Magic
  1120 | D:5      | Reached skill level 3 in Invocations
  1160 | D:5      | Noticed Dowan
  1162 | D:5      | Noticed Duvessa
  1166 | D:5      | Killed Duvessa
  1166 | D:5      | Reached XP level 8. HP: 27/57 MP: 1/16
  1172 | D:5      | Killed Dowan
  1204 | D:5      | Found an ornate altar of the Wu Jian Council.
  1239 | D:5      | Reached skill level 3 in Fighting
  1239 | D:5      | Reached skill level 3 in Short Blades
  1239 | D:5      | Reached skill level 3 in Long Blades
  1239 | D:5      | Reached skill level 3 in Axes
  1239 | D:5      | Reached skill level 3 in Maces & Flails
  1239 | D:5      | Reached skill level 3 in Polearms
  1239 | D:5      | Reached skill level 3 in Staves
  1239 | D:5      | Reached skill level 3 in Slings
  1239 | D:5      | Reached skill level 3 in Bows
  1239 | D:5      | Reached skill level 3 in Crossbows
  1239 | D:5      | Reached skill level 3 in Throwing
  1239 | D:5      | Reached skill level 3 in Armour
  1239 | D:5      | Reached skill level 3 in Shields
  1239 | D:5      | Reached skill level 3 in Unarmed Combat
  1239 | D:5      | Reached skill level 3 in Evocations
  1358 | D:6      | Found a glowing golden altar of the Shining One.
  1404 | D:6      | Reached skill level 6 in Spellcasting
  1543 | D:6      | Noticed Eustachio
  1592 | D:6      | Killed Eustachio
  1672 | D:6      | Found a staircase to the Ecumenical Temple.
  1681 | Temple   | Entered the Ecumenical Temple
  1708 | Temple   | Became a worshipper of Cheibriados the Contemplative
  1832 | D:8      | Noticed a two-headed ogre
  1928 | D:6      | Reached skill level 3 in Conjurations
  1928 | D:6      | Reached skill level 3 in Hexes
  1928 | D:6      | Reached skill level 3 in Charms
  1928 | D:6      | Reached skill level 3 in Necromancy
  1928 | D:6      | Reached skill level 3 in Translocations
  1928 | D:6      | Reached skill level 3 in Transmutations
  1928 | D:6      | Reached skill level 3 in Fire Magic
  1928 | D:6      | Reached skill level 3 in Ice Magic
  1928 | D:6      | Reached skill level 3 in Air Magic
  1928 | D:6      | Reached skill level 3 in Earth Magic
  1928 | D:6      | Reached skill level 3 in Poison Magic
  1928 | D:6      | Reached skill level 4 in Invocations
  1977 | D:7      | Reached skill level 6 in Dodging
  1977 | D:7      | Reached XP level 9. HP: 32/65 MP: 13/18
  1982 | D:8      | HP: 4/65 [orc priest/divine providence (13)]
  1983 | D:8      | Mangled by a two-headed ogre

Vault maps used:
D:1:      evilmike_arrival_run_for_it
D:2:      chequers_ecumenical_altar_simple_redux, kennysheep_generic_room_11
D:3:      small_statue_alley_b, uniq_natasha, uniq_crazy_yiuf_cottage,
          uniq_robin, uniq_jessica
D:4:      chequers_big_river, uniq_edmund
D:5:      kennysheep_mini_moat, serial_shops, shop, first_ration, uniq_pikel,
          uniq_prince_ribbit1, uniq_duvessa
D:6:      lemuel_temple_firewalk_a, nicolae_tso_besieged_by_evil, uniq_eustachio
D:8:      kennysheep_mini, serial_glass, glass_columns_b, glass_columns_a
Temple:   regret_index_temple_chain_breaker

Skill      XL: |  1  2  3  4  5  6  7  8 |
---------------+-------------------------+-----
Spellcasting   | 5 6 |  6.3
Invocations    | 1 2 3 4 |  4.1
Fighting       | 1 2 3 |  3.7
Short Blades   | 1 2 3 |  3.7
Long Blades    | 1 2 3 |  3.7
Axes           | 1 2 3 |  3.7
Maces & Flails | 1 2 3 |  3.7
Polearms       | 1 2 3 |  3.7
Staves         | 1 2 3 |  3.7
Slings         | 1 2 3 |  3.7
Bows           | 1 2 3 |  3.7
Crossbows      | 1 2 3 |  3.7
Throwing       | 1 2 3 |  3.7
Armour         | 1 2 3 |  3.7
Shields        | 1 2 3 |  3.7
Unarmed Combat | 1 2 3 |  3.7
Evocations     | 1 2 3 |  3.7
Conjurations   | 1 2 3 |  3.0
Hexes          | 1 2 3 |  3.0
Charms         | 1 2 3 |  3.0
Necromancy     | 1 2 3 |  3.0
Translocations | 1 2 3 |  3.0
Transmutations | 1 2 3 |  3.0
Fire Magic     | 1 2 3 |  3.0
Ice Magic      | 1 2 3 |  3.0
Air Magic      | 1 2 3 |  3.0
Earth Magic    | 1 2 3 |  3.0
Poison Magic   | 1 2 3 |  3.0
Dodging        | 5 6 |  6.0
Stealth        | 5 |  5.6
Summonings     | |  7.8

Action                   |  1- 3 |  4- 6 |  7- 9 || total
-------------------------+-------+-------+-------++-------
Melee: Dagger            |    53 |    37 |   109 ||   199
       Bite              |     3 |     6 |    11 ||    20
       Unarmed           |     1 |       |       ||     1
Throw: Stone             |       |       |     2 ||     2
 Cast: Summon Small Mamm |    13 |     5 |     1 ||    19
       Call Canine Famil |     2 |     3 |     6 ||    11
       Call Imp          |       |     4 |     3 ||     7
       Summon Lightning  |       |     2 |    17 ||    19
  Use: Scroll            |     1 |       |     6 ||     7
       Potion            |     2 |       |     2 ||     4
 Stab: Sleeping          |     5 |     2 |     3 ||    10
       Distracted        |       |       |     5 ||     5
  Eat: Chunk             |       |     1 |     6 ||     7
Armor: Robe              |     7 |     5 |    21 ||    33
Dodge: Dodged            |    46 |    16 |   104 ||   166
Block: Buckler           |       |     3 |    31 ||    34

Table legend:
 A = Spawn XP
 B = Non-spawn XP
 C = Spawn XP percentage of total XP
 D = Spawn monster count
 E = Non-spawn monster count
 F = Spawn count percentage of total count
 G = Total turns spent on level
                    A         B        C        D         E        F      G
               +---------+---------+-------+---------+---------+-------+---------
         Total |       0 |    2387 |   0.0 |       0 |     110 |   0.0 |  1983
               +---------+---------+-------+---------+---------+-------+---------
           D:1 |       0 |      14 |   0.0 |       0 |       9 |   0.0 |   234
           D:2 |       0 |      15 |   0.0 |       0 |       9 |   0.0 |   140
           D:3 |       0 |     162 |   0.0 |       0 |      30 |   0.0 |   422
           D:4 |       0 |     275 |   0.0 |       0 |      13 |   0.0 |   293
           D:5 |       0 |    1087 |   0.0 |       0 |      21 |   0.0 |   263
           D:6 |       0 |     550 |   0.0 |       0 |      20 |   0.0 |   417
           D:7 |       0 |     282 |   0.0 |       0 |       7 |   0.0 |   154
           D:8 |       0 |       2 |   0.0 |       0 |       1 |   0.0 |    14
               +---------+---------+-------+---------+---------+-------+---------

Table legend:
 A = Turns spent in this place as a percentage of turns spent in the entire game.
 B = Non-inter-level travel turns spent in this place as a percentage of non-inter-level travel turns spent in the entire game.
 C = Inter-level travel turns spent in this place as a percentage of turns spent in this place.
 D = Turns resting spent in this place as a percentage of non-inter-level travel turns spent in this place.
 E = Turns spent auto-exploring this place as a percentage of non-inter-level travel turns spent in this place.
 F = Non-inter-level travel turns spent in this place divided by the number of levels of this place that you've seen.
                   A       B       C       D       E      F
               +-------+-------+-------+-------+-------+----------------------
         Total | 100.0 | 100.0 |   3.4 |   0.0 |   0.0 | 212.9
       Dungeon |  97.7 |  98.3 |   2.7 |   0.0 |   0.0 | 235.5
        Temple |   2.3 |   1.7 |  30.4 |   0.0 |   0.0 |  32.0
               +-------+-------+-------+-------+-------+----------------------

Table legend:
 A = Kills in this place as a percentage of kills in entire the game.
 B = Kills by you in this place as a percentage of kills by you in the entire game.
 C = Kills by friends in this place as a percentage of kills by friends in the entire game.
 D = Other kills in this place as a percentage of other kills in the entire game.
 E = Experience gained in this place as a percentage of experience gained in the entire game.
 F = Experience gained in this place divided by the number of levels of this place that you have seen.
                   A       B       C       D       E      F
               +-------+-------+-------+-------+-------+----------------------
         Total | 100.0 | 100.0 | 100.0 |   N/A | 100.0 | 265.2
       Dungeon | 100.0 | 100.0 | 100.0 |   N/A | 100.0 | 298.4
               +-------+-------+-------+-------+-------+----------------------

Vault maps used:
D:1:      evilmike_arrival_run_for_it
D:2:      chequers_ecumenical_altar_simple_redux, kennysheep_generic_room_11
D:3:      small_statue_alley_b, uniq_natasha, uniq_crazy_yiuf_cottage,
          uniq_robin, uniq_jessica
D:4:      chequers_big_river, uniq_edmund
D:5:      kennysheep_mini_moat, serial_shops, shop, first_ration, uniq_pikel,
          uniq_prince_ribbit1, uniq_duvessa
D:6:      lemuel_temple_firewalk_a, nicolae_tso_besieged_by_evil, uniq_eustachio
D:8:      kennysheep_mini, serial_glass, glass_columns_b, glass_columns_a
Temple:   regret_index_temple_chain_breaker
